Map: Acid Plant LE

Players

LiquidTLO (TLO)

  • Race: Zerg Zerg
  • Spawn Location: 5:00

harstem - Winner!

  • Race: Protoss Protoss
  • Spawn Location: 11:00

Event: WCS Austin 2018

VOD

Have the link to the VOD?

Description

Time

  • Played on: June 1, 2018, 5:43 p.m.
  • Length: 21:11

All games in this series

Show
View Real Time Build Order
Export as new Build Order

LiquidTLO Zerg 

Build Orders: Hatch First, Lurkers 

Get SALT Encoding   

  12  0:00  Drone  
  13  0:07  Drone  
  14  0:16  Overlord  
  14  0:34  Drone  
  14  0:35  Drone  
  16  0:47  Hatchery  
  15  0:51  Drone  
  15  0:54  Drone  
  17  0:58  Drone  
  18  1:05  Extractor  
  17  1:13  Spawning Pool  
  17  1:16  Drone  
  17  1:20  Drone  
  18  1:28  Drone  
  19  1:40  Drone  
  20  1:49  Overlord  
  20  2:00  Queen x2, Zergling x2  
  25  2:02  Zergling x2  
  26  2:09  Metabolic Boost  
  26  2:10  Drone  
  27  2:17  Drone  
  28  2:23  Drone x2  
  30  2:31  Drone  
  30  2:33  Drone  
  32  2:42  Hatchery  
  31  2:48  Queen  
  33  2:53  Overlord  
  33  2:55  Drone  
  33  2:57  Zergling x2  
  35  3:05  Overlord  
  35  3:06  Drone  
  35  3:10  Overlord  
  35  3:11  Drone  
  36  3:14  Drone x2  
  36  3:18  Drone  
  39  3:21  Drone  
  39  3:25  Queen  
  41  3:29  Spore Crawler  
  41  3:32  Spore Crawler  
  39  3:39  Drone  
  40  3:45  Drone x6  
  40  3:47  Drone  
  47  3:54  Queen  
  49  3:58  Spore Crawler, Drone  
  49  4:00  Drone  
  50  4:05  Drone x2  
  49  4:11  Drone  
  51  4:17  Drone  
  51  4:19  Drone  
  51  4:21  Drone  
  51  4:22  Drone  
  51  4:23  Drone  
  55  4:25  Drone  
  55  4:26  Drone  
  55  4:27  Lair  
  55  4:29  Drone  
  55  4:30  Drone x2  
  55  4:31  Drone  
  61  4:38  Roach Warren  
  60  4:39  Drone  
  60  4:41  Extractor x2  
  60  4:42  Overlord  
  60  4:45  Drone  
  60  4:46  Drone  
  60  4:49  Drone  
  60  4:50  Evolution Chamber, Drone  
  60  4:51  Overlord, Drone  
  61  4:53  Drone  
  62  5:00  Overlord  
  62  5:01  Extractor  
  62  5:02  Drone  
  62  5:03  Drone x2  
  62  5:04  Drone  
  62  5:05  Overlord  
  65  5:08  Drone  
  65  5:11  Overlord  
  65  5:12  Overlord  
  65  5:15  Overlord  
  65  5:18  Zerg Missile Weapons Level 1  
  65  5:19  Drone, Extractor  
  64  5:26  Glial Reconstitution  
  64  5:28  Overlord  
  64  5:29  Roach x2  
  64  5:33  Roach  
  64  5:34  Roach  
  74  5:35  Roach  
  74  5:41  Roach  
  74  5:42  Roach  
  78  5:43  Roach  
  78  5:45  Roach  
  78  5:46  Roach  
  78  5:48  Roach  
  86  5:51  Drone  
  86  5:55  Roach  
  86  5:56  Roach  
  91  5:57  Roach  
  91  5:58  Roach  
  91  6:01  Pneumatized Carapace  
  93  6:10  Overlord  
  93  6:11  Roach  
  93  6:14  Roach x2  
  93  6:15  Roach x2  
  93  6:16  Roach  
  103  6:23  Roach x2  
  103  6:24  Roach  
  103  6:25  Overlord  
  107  6:27  Overlord, Roach  
  107  6:30  Roach  
  107  6:32  Roach  
  113  6:34  Roach  
  113  6:35  Roach  
  118  6:40  Ravager x3  
  118  6:43  Ravager  
  118  6:45  Roach  
  118  6:46  Roach x2  
  126  6:48  Roach x2  
  126  6:49  Roach  
  126  6:52  Roach  
  126  6:53  Roach  
  136  6:55  Roach  
  136  7:02  Roach  
  136  7:03  Roach  
  138  7:13  Roach  
  136  7:17  Roach  
  138  7:23  Overlord  
  130  7:38  Queen  
  130  7:41  Queen x2  
  130  7:42  Overlord, Roach, Zergling x2  
  130  7:43  Overlord  
  137  7:45  Ravager  
  137  7:46  Overlord  
  110  8:08  Roach  
  110  8:09  Roach x2  
  110  8:11  Roach  
  109  8:14  Queen  
  109  8:15  Roach x2  
  109  8:16  Roach, Queen x2  
  109  8:18  Roach  
  117  8:22  Ravager x7  
  124  8:29  Extractor  
  124  8:30  Hydralisk Den  
  124  8:31  Roach  
  126  8:34  Roach x3  
  126  8:35  Hatchery  
  120  8:41  Drone x2  
  120  8:42  Roach  
  120  8:43  Roach  
  120  8:45  Drone  
  120  8:47  Zerg Missile Weapons Level 2  
  127  8:49  Queen  
  127  8:51  Drone  
  127  8:52  Queen x2  
  127  8:54  Drone x3  
  137  9:00  Muscular Augments  
  137  9:01  Hydralisk  
  137  9:02  Hydralisk  
  139  9:05  Hydralisk  
  139  9:08  Drone  
  144  9:10  Hydralisk  
  144  9:16  Overlord  
  146  9:24  Overlord x2  
  146  9:27  Spore Crawler  
  145  9:34  Queen  
  145  9:35  Overlord, Hydralisk  
  145  9:36  Hydralisk x2  
  153  9:44  Hydralisk  
  155  9:45  Hydralisk  
  142  9:53  Roach  
  142  9:54  Roach  
  142  9:55  Roach x2  
  142  9:57  Roach  
  142  9:58  Roach  
  135  10:00  Drone  
  135  10:02  Roach  
  135  10:06  Drone  
  140  10:07  Drone x2  
  140  10:08  Drone  
  140  10:11  Drone  
  140  10:13  Lurker Den  
  142  10:16  Drone x3  
  142  10:17  Drone  
  142  10:18  Drone  
  147  10:22  Grooved Spines  
  147  10:30  Overlord  
  147  10:32  Overlord  
  147  10:34  Hydralisk x3  
  153  10:37  Overlord  
  153  10:41  Overlord  
  153  10:46  Extractor  
  153  10:49  Overseer  
  152  10:53  Hydralisk  
  154  10:59  Hatchery  
  154  11:04  Spine Crawler x2, Hydralisk  
  153  11:06  Zerg Ground Armor Level 1  
  153  11:07  Hydralisk  
  155  11:17  Hydralisk x3  
  162  11:18  Zergling x2  
  162  11:19  Zergling x4  
  162  11:20  Zergling x2  
  162  11:25  Hydralisk x3  
  163  11:32  Hydralisk x3  
  169  11:33  Hydralisk x2  
  169  11:34  Roach  
  181  11:40  Lurker x6  
  181  11:41  Hydralisk  
  186  11:54  Overlord  
  183  11:55  Overlord  
  183  11:57  Overlord  
  183  11:58  Overlord x2  
  183  11:59  Overlord  
  183  12:06  Overseer  
  168  12:19  Hydralisk x2  
  168  12:20  Hydralisk x2  
  168  12:21  Hydralisk x3  
  146  12:23  Hydralisk  
  146  12:25  Hydralisk  
  146  12:26  Hydralisk x3  
  142  12:32  Hydralisk x3  
  138  12:39  Hydralisk  
  138  12:40  Hydralisk  
  138  12:41  Drone x2  
  138  12:43  Hydralisk  
  125  12:49  Drone  
  125  12:50  Drone x5  
  129  12:53  Zergling x2  
  129  12:55  Drone  
  129  12:58  Roach  
  133  13:00  Lurker  
  133  13:03  Zergling x2  
  133  13:04  Zergling x4  
  133  13:05  Zergling x2  
  138  13:07  Zergling x2  
  138  13:09  Roach  
  141  13:13  Roach, Queen  
  141  13:15  Roach, Drone  
  141  13:17  Lurker x2  
  141  13:18  Extractor  
  141  13:19  Drone  
  150  13:22  Hydralisk x2  
  150  13:25  Overlord  
  150  13:26  Spore Crawler  
  153  13:28  Overlord, Zergling x2  
  153  13:33  Overlord  
  154  13:35  Lurker x2  
  154  13:38  Overlord x2  
  154  13:39  Zergling x2  
  154  13:41  Overlord  
  157  13:45  Lurker  
  157  13:47  Roach  
  159  13:48  Roach  
  159  13:52  Roach  
  159  13:55  Roach  
  164  13:58  Roach x2  
  164  14:00  Roach  
  169  14:02  Roach  
  169  14:03  Roach  
  169  14:04  Roach  
  169  14:05  Roach x2  
  169  14:06  Roach  
  169  14:07  Hydralisk x2  
  169  14:08  Hydralisk  
  176  14:14  Hydralisk x2  
  174  14:20  Zergling x2  
  174  14:22  Zergling x2  
  174  14:23  Zergling x2  
  174  14:28  Hydralisk x2  
  174  14:31  Overlord, Hydralisk x2  
  178  14:33  Overlord, Lurker  
  182  14:40  Lurker  
  182  14:42  Overlord  
  182  14:44  Overlord  
  182  14:45  Overseer  
  183  14:50  Overlord  
  183  14:51  Infestation Pit, Hydralisk  
  185  14:52  Drone  
  185  14:54  Hydralisk  
  185  14:56  Hydralisk  
  187  15:00  Hydralisk  
  187  15:03  Zergling x2  
  190  15:17  Hydralisk x2  
  193  15:24  Hydralisk  
  190  15:30  Hydralisk x3  
  190  15:34  Hydralisk x4  
  190  15:35  Hydralisk  
  184  15:38  Hydralisk x2  
  184  15:39  Hydralisk  
  184  15:41  Roach x2  
  170  15:44  Roach  
  170  15:47  Roach x2, Hydralisk  
  162  15:50  Hydralisk  
  162  15:54  Hydralisk  
  162  15:55  Hydralisk  
  153  15:59  Roach, Hydralisk  
  153  16:01  Zergling x16  
  153  16:02  Queen  
  153  16:04  Queen x2, Zergling x4  
  156  16:05  Queen, Zergling x4  
  156  16:07  Zergling x2  
  156  16:09  Lurker  
  156  16:10  Queen  
  169  16:13  Zergling x4  
  169  16:14  Zergling x2  
  169  16:18  Baneling Nest, Zergling x2  
  173  16:19  Zergling x2  
  173  16:21  Zergling x2  
  173  16:22  Hydralisk  
  173  16:23  Hatchery, Hydralisk  
  173  16:25  Hydralisk  
  177  16:31  Hydralisk, Zergling x2  
  181  16:36  Zerg Melee Weapons Level 1  
  181  16:39  Ravager  
  185  16:40  Lurker x2  
  186  16:51  Drone x2  
  186  17:02  Hive  
  186  17:07  Hydralisk x3  
  187  17:09  Hydralisk x2  
  187  17:14  Hydralisk  
  187  17:15  Hydralisk x3  
  193  17:18  Overlord  
  199  17:29  Centrifical Hooks  
  199  17:34  Evolution Chamber  
  198  17:40  Overlord  
  198  17:42  Overlord  
  191  17:44  Overlord, Hydralisk  
  191  17:51  Hatchery  
  190  18:00  Baneling x18  
  190  18:03  Hydralisk  
  190  18:04  Hydralisk  
  191  18:08  Hydralisk  
  191  18:09  Hydralisk  
  191  18:12  Hydralisk  
  197  18:16  Hydralisk  
  197  18:18  Hydralisk  
  199  18:20  Zergling x4  
  199  18:24  Zergling x2  
  199  18:25  Zergling x2  
  199  18:26  Hydralisk  
  192  18:28  Zergling x2  
  192  18:31  Hydralisk x2  
  192  18:32  Zergling x2  
  192  18:34  Zergling x2  
  192  18:39  Zergling x2  
  192  18:40  Zergling x2  
  192  18:42  Zergling x2  
  192  18:43  Hydralisk x2  
  192  18:45  Zergling x2  
  192  18:47  Hydralisk  
  151  18:57  Baneling  
  151  19:01  Adaptive Talons  
  143  19:07  Lurker x2  
  131  19:17  Hydralisk x2  
  131  19:18  Lurker  
  131  19:19  Lurker x3  
  131  19:22  Lurker  
  118  19:26  Hydralisk  
  118  19:30  Lurker  
  118  19:31  Lurker  
  122  19:34  Drone x2  
  124  19:43  Lurker  
  124  19:45  Hydralisk  
  125  19:49  Hydralisk  
  127  20:00  Hydralisk  
  127  20:05  Hatchery, Hydralisk  
  130  20:09  Drone  
  130  20:10  Drone  
  130  20:13  Drone  
  133  20:15  Lurker  
  134  20:22  Hydralisk  
  134  20:23  Hydralisk  
  134  20:27  Overseer  
  138  20:33  Hydralisk  
  133  20:36  Hydralisk  
  133  20:39  Hydralisk  
  136  20:44  Hydralisk  
Show
View Real Time Build Order
Export as new Build Order

harstem Protoss - Winner!

Build Orders: 1 Gate Expand, Oracle Opening, Archon Immortal, Zealot Archon, Archon Drop 

Get SALT Encoding   

  12  0:00  Probe  
  13  0:13  Probe  
  14  0:19  Pylon  
  14  0:25  Probe  
  15  0:33  Probe  
  15  0:41  Probe  
  16  0:43  Gateway  
  16  0:49  Assimilator  
  17  0:51  Probe  
  18  1:03  Probe  
  19  1:15  Probe  
  20  1:26  Nexus  
  20  1:36  Cybernetics Core  
  20  1:38  Probe  
  21  1:45  Assimilator  
  21  1:50  Probe  
  22  1:56  Pylon  
  22  2:02  Probe  
  22  2:05  Adept  
  23  2:14  Probe  
  26  2:19  Stargate  
  26  2:24  Probe  
  26  2:28  Warp Gate  
  27  2:32  Probe  
  30  2:37  Stalker  
  30  2:38  Probe  
  30  2:40  Probe  
  31  2:50  Probe  
  33  2:53  Probe  
  34  2:59  Oracle  
  34  3:02  Probe  
  34  3:05  Probe  
  39  3:14  Probe  
  40  3:20  Probe  
  40  3:24  Pylon  
  40  3:26  Probe  
  42  3:28  Oracle  
  42  3:29  Gateway  
  42  3:32  Probe  
  43  3:37  Assimilator  
  46  3:42  Probe  
  46  3:43  Assimilator  
  46  3:44  Probe  
  48  3:52  Probe  
  48  3:53  Robotics Facility, Pylon  
  49  3:56  Probe  
  49  4:00  Probe  
  50  4:08  Probe x2  
  52  4:10  Twilight Council  
  52  4:16  Pylon  
  53  4:19  Gateway  
  53  4:20  Gateway  
  53  4:22  Probe  
  54  4:29  Pylon  
  54  4:32  Zealot  
  54  4:33  Zealot  
  54  4:37  Probe  
  54  4:38  Warp Prism  
  59  4:51  Forge  
  62  4:53  Templar Archives  
  61  5:04  Nexus  
  61  5:09  Probe, Pylon  
  61  5:10  Probe  
  63  5:22  Protoss Ground Weapons Level 1, Probe  
  63  5:25  Pylon  
  64  5:30  High Templar  
  64  5:31  High Templar x3  
  64  5:33  Probe  
  73  5:35  Archon  
  73  5:36  Archon  
  73  5:40  Probe  
  73  5:42  Gateway  
  74  5:45  Immortal  
  74  5:46  Gateway  
  74  5:47  Probe  
  79  5:52  Probe  
  80  5:59  Probe  
  80  6:02  Shield Battery  
  81  6:04  Probe  
  81  6:05  Gateway  
  81  6:09  Probe  
  81  6:10  Sentry x2  
  81  6:11  Zealot x2  
  90  6:13  Probe, Pylon  
  90  6:16  Probe  
  93  6:18  Probe  
  93  6:20  Charge  
  93  6:23  Probe  
  94  6:29  Immortal, Probe  
  94  6:31  Phoenix, Photon Cannon  
  94  6:32  Probe  
  98  6:34  Probe  
  104  6:47  Shield Battery  
  104  6:48  Sentry x2  
  104  6:51  Pylon  
  108  7:00  Zealot x3  
  108  7:01  Immortal  
  112  7:08  Zealot x2  
  112  7:11  Pylon  
  112  7:16  Zealot  
  112  7:19  Sentry  
  114  7:24  Zealot x2, Sentry  
  116  7:30  Zealot x2, Immortal  
  116  7:31  Shield Battery  
  116  7:38  Zealot  
  118  7:44  Zealot x3  
  118  7:48  Zealot  
  126  7:58  Zealot x2, Immortal  
  112  8:02  Probe  
  98  8:09  Zealot x4, Void Ray  
  96  8:19  Zealot x2  
  94  8:20  Probe x2  
  94  8:22  Photon Cannon  
  94  8:26  Gateway  
  100  8:28  Immortal  
  100  8:31  Gateway, High Templar x2  
  100  8:32  Zealot x2  
  105  8:38  Archon  
  105  8:39  Probe  
  105  8:41  Probe  
  109  8:44  Zealot  
  109  8:47  Assimilator  
  105  8:51  Zealot  
  105  8:52  Zealot  
  105  8:53  Assimilator  
  105  8:54  Phoenix, Probe  
  110  8:59  Probe  
  113  9:10  Zealot, High Templar x2  
  113  9:11  Zealot  
  113  9:13  Immortal  
  121  9:18  Archon  
  121  9:19  Probe  
  121  9:23  Oracle  
  129  9:25  Zealot x2  
  133  9:35  Pylon  
  133  9:37  Pylon  
  133  9:41  Cybernetics Core  
  133  9:44  Pylon  
  133  9:45  Protoss Ground Weapons Level 2  
  133  9:46  Pylon  
  133  9:51  Zealot x2  
  133  9:52  Zealot  
  133  9:56  Zealot x3  
  115  10:09  High Templar x2  
  115  10:11  Observer  
  119  10:14  Archon  
  119  10:15  Zealot  
  119  10:16  High Templar x2  
  119  10:19  Zealot x2  
  119  10:20  Archon  
  130  10:21  Nexus  
  130  10:25  Immortal  
  130  10:34  Sentry  
  130  10:35  Pylon  
  132  10:37  Pylon  
  136  10:46  Zealot x4  
  144  10:51  Psionic Storm, Pylon  
  144  10:55  Zealot, High Templar x2  
  150  10:58  Pylon  
  150  11:01  Archon  
  150  11:13  Photon Cannon  
  150  11:14  Probe  
  150  11:17  Assimilator  
  151  11:21  Assimilator, High Templar  
  151  11:23  Shield Battery  
  153  11:35  Immortal  
  153  11:37  Zealot x3  
  159  11:41  High Templar  
  159  11:42  High Templar  
  159  11:47  Gateway  
  167  11:51  Gateway  
  167  11:52  Probe x2  
  167  11:54  Pylon  
  161  11:55  Photon Cannon  
  161  11:57  Photon Cannon  
  161  12:06  Zealot x2  
  161  12:07  Zealot x3  
  171  12:15  Zealot x3  
  112  12:26  Zealot  
  112  12:27  Zealot  
  104  12:34  Zealot x3  
  104  12:35  Probe  
  95  12:39  Probe x2  
  95  12:41  Zealot x3  
  86  12:44  Probe  
  86  12:46  Probe  
  86  12:47  Probe  
  85  12:54  High Templar x3  
  85  12:55  High Templar  
  94  12:59  Archon x2, High Templar x2  
  94  13:01  Observer, High Templar  
  94  13:02  High Templar  
  103  13:07  Archon  
  103  13:09  Zealot x2  
  107  13:13  Immortal  
  107  13:17  Protoss Ground Weapons Level 3  
  107  13:21  Probe x2  
  107  13:25  Probe  
  107  13:26  High Templar  
  107  13:27  High Templar  
  118  13:31  Zealot x3, High Templar x2  
  128  13:35  Pylon  
  128  13:36  Archon, Photon Cannon  
  128  13:45  Immortal  
  128  13:53  Zealot x3  
  134  13:58  Zealot x2  
  136  14:05  Zealot x2  
  140  14:14  Zealot x4  
  148  14:17  Observer  
  146  14:27  High Templar  
  146  14:30  High Templar, Photon Cannon  
  146  14:31  High Templar x3  
  155  14:32  Observer  
  155  14:33  Pylon  
  155  14:34  Zealot x3  
  162  14:39  Archon  
  156  14:48  Immortal  
  154  15:00  High Templar, Probe  
  154  15:01  High Templar  
  154  15:05  Photon Cannon  
  157  15:08  Zealot x5  
  157  15:09  Zealot  
  166  15:14  Archon  
  166  15:17  Fleet Beacon  
  166  15:21  Zealot  
  164  15:31  Zealot x6  
  176  15:40  Immortal  
  176  15:41  Zealot  
  176  15:42  Zealot x2  
  132  15:52  Zealot x2  
  129  16:00  Probe x3  
  121  16:13  Immortal, High Templar x2  
  121  16:14  High Templar x4  
  121  16:15  High Templar x2  
  137  16:19  Zealot  
  137  16:20  Archon x3  
  137  16:22  Oracle  
  144  16:44  Archon  
  144  16:46  High Templar  
  146  16:54  Observer  
  146  16:56  Zealot x3, High Templar  
  150  17:01  Nexus  
  150  17:10  High Templar x2  
  150  17:11  Zealot x2  
  153  17:20  Observer  
  153  17:29  Zealot x5  
  162  17:38  Immortal  
  162  17:43  Zealot  
  162  17:44  Zealot x2  
  172  17:47  Zealot, Nexus  
  172  17:49  Pylon  
  172  18:05  Zealot x4  
  172  18:06  Zealot x4  
  172  18:08  Zealot  
  186  18:25  Mothership  
  158  18:34  Zealot  
  158  18:35  Zealot x7  
  146  18:50  Tempest  
  154  19:07  Zealot x2  
  158  19:12  Sentry x2  
  158  19:13  Sentry x2  
  158  19:37  Oracle  
  158  19:38  Nexus  
  158  19:40  Immortal  
  158  19:51  High Templar x3  
  158  19:52  High Templar  
  173  19:57  Zealot  
  173  19:58  Archon x2  
  175  20:05  Tempest  
  175  20:09  Immortal  
  183  20:28  Zealot x3  
  181  20:44  Zealot x4  
Tags
 
Add a new tag
Caveats
  • Supply blocks, unpowered buildings, or Contaminate may cause inaccurate times.
  • Supply counts are checked every 10 seconds.